 Dungeon Crawl Stone Soup version 0.31.0-32-g396128a36d (webtiles) character file.

Game seed: 10460977754306602011

70 H0rd4k the Charlatan (level 4, 0/42 HPs)
             Began as an Octopode Artificer on Mar 19, 2024.
             Succumbed to an adder's poison
             ... on level 2 of the Dungeon.
             The game lasted 00:01:38 (1625 turns).

H0rd4k the Charlatan (Octopode Artificer)           Turns: 1625, Time: 00:01:39

Health: 0/42       AC:  1    Str: 11    XL:     4   Next: 22%
Magic:  4/4        EV: 28    Int: 15    God:
Gold:   121        SH:  0    Dex: 12    Spells: 3/3 levels left

rFire   . .          .
                       - Unarmed
rCold   . . .        (no shield)
rNeg    . . .        (helmet currently unavailable)
rPois   .            m - amulet of the acrobat
rElec   .            (no ring)
rCorr   .            (no ring)
SInv    .            (no ring)
Will    .....        (no ring) Stlth
                     (no ring)
HPRegen 0.27/turn    (no ring)
MPRegen 0.09/turn    (no ring)
                     (no ring)

%: acrobat
@: berserking, lethally poisoned (0 -> -3), beast-form, acrobatic, very quick
A: beast (slay +0), almost no armour, amphibious, 8 rings, camouflage 1,
gelatinous body 1, (nimble swimmer 1), tentacles
a: Begin Untransformation


You were on level 2 of the Dungeon.
You were a hulking beast.
You visited 1 branch of the dungeon, and saw 2 of its levels.

You collected 121 gold pieces.

Inventory:

Jewellery
 m - an amulet of the acrobat (around mantle)
Talismans
 h - a beast talisman (active)
Wands
 b - a wand of flame (15) (quivered)
 c - a wand of charming (15)
 d - a wand of iceblast (5)
Scrolls
 a - a scroll of fog {unknown}
 f - 2 scrolls of identify {unknown}
 g - 2 scrolls of enchant armour {unknown}
 i - a scroll of amnesia {unknown}
 k - a scroll of enchant weapon {unknown}
 l - a scroll of immolation {unknown}
 p - a scroll of blinking {unknown}
 q - a scroll of teleportation {unknown}
 s - a scroll of fear {unknown}
Potions
 j - a potion of invisibility {unknown}
 n - a potion of heal wounds {unknown}
 o - a potion of attraction {unknown}
 r - a potion of brilliance {unknown}


   Skills:
 + Level 1.4 Fighting
 - Level 2.3 Dodging
 - Level 1.3 Stealth
 + Level 2.9 Unarmed Combat
 - Level 3.2 Evocations
 * Level 1.3 Shapeshifting


You had 3 spell levels left.
You didn't know any spells.
Your spell library contained the following spells:

 Spells                   Type           Power      Damage    Failure   Level
 Kiss of Death            Conj/Necr      0%         2d5       26%         1
 Call Imp                 Summ           0%         N/A       38%         2
 Sublimation of Blood     Necr           0%         N/A       38%         2
 Summon Hydra             Summ           0%         N/A       100%        7


Dungeon Overview and Level Annotations

Branches:
Dungeon (2/15)

Altars:


Innate Abilities, Weirdness & Mutations

You are a hulking beast.
Your limbs bulge with bestial killing power. (Slay +0)
You cannot wear most types of armour.
You are amphibious.
You can wear up to eight rings at the same time.
Your skin changes colour to match your surroundings (Stealth+).
Your rubbery body absorbs attacks. (AC +1, EV +1)
((You are camouflaged when in or above water. (Stealth+)))
You have tentacles for arms and can constrict up to eight enemies at once.


Message History

You feel sick.
You miss the adder. Your grab misses the adder.
You feel sick.
You are no longer poisoned.
The adder closely misses you. The adder bites you.
You are poisoned.
The adder poisons you!
You miss the adder. Your grab misses the adder. Your squeeze misses the adder.
You feel sick. The adder closely misses you.
You closely miss the adder. Your grab misses the adder.
The adder barely misses you.
You completely miss the adder. You grab the adder. You constrict the adder.
You feel sick. The adder misses you.
You tentacle-slap the adder.
The adder is moderately wounded.
You constrict the adder.
You feel sick. The adder closely misses you.
You tentacle-slap the adder. Your squeeze misses the adder.
The adder is severely wounded.
You constrict the adder.
You feel sick. The adder misses you. x2
You tentacle-slap the adder but do no damage.
The adder is severely wounded.
You constrict the adder.
You feel sick.
You are no longer poisoned.
The adder bites you.
* * * LOW HITPOINT WARNING * * *
You are lethally poisoned!
The adder poisons you!
It was a potion of berserk rage.
A red film seems to cover your vision as you go berserk!
You feel yourself moving faster!
You feel mighty!
You constrict the adder.
You kill the adder!
* * * LOW HITPOINT WARNING * * *
You feel sick.
You miss the frilled lizard. Your grab misses the frilled lizard.
You squeeze the frilled lizard.
You kill the frilled lizard!
* * * LOW HITPOINT WARNING * * *
You feel sick.
You bludgeon the goblin!
You kill the goblin!
You die...

...>...#......# ##.###.....# #.
###....#......# #.....#....# .##.
..............##.#####.....##.##.
###...........#.##..?##.......##.
................#....[#......###.
........###.....#..[..#......# #.
........##..#'#.#g†:..#......# #.
...........##)###)...##......# #.
...........#).†'h#####.......# #.
...........##.###+ #.........# #.
............#### ##.######## #.
........###....# #.# #.
#.#####........# #.## #.
#.#.........#..## ##..#########.
#.#.#######.#...####.............
#.#.# #...............#...###.#
#.#.# #.........##....#........


You could see a gnoll.

Vanquished Creatures
  2 adders (D:2)
  6 ball pythons
  4 bats
  7 endoplasms
  4 giant cockroaches
  4 goblins
  6 hobgoblins
  2 quokkas
  4 frilled lizards
  4 kobolds (D:2)
  2 rats (D:1)
45 creatures vanquished.

Notes
Turn   | Place    | Note
-------+----------+-------------------------------------------
     0 | D:1      | H0rd4k the Octopode Artificer began the quest for the Orb.
     0 | D:1      | Reached XP level 1. HP: 13/13 MP: 1/1
    79 | D:1      | Reached skill level 1 in Unarmed Combat
   130 | D:1      | Reached XP level 2. HP: 18/18 MP: 2/2
   678 | D:1      | Found a faded altar of an unknown god.
   686 | D:1      | Got Plato's Parchment of Momentum
   863 | D:2      | Reached XP level 3. HP: 20/23 MP: 3/3
  1121 | D:2      | Reached skill level 1 in Shapeshifting
  1611 | D:2      | Reached XP level 4. HP: 23/28 MP: 4/4
  1622 | D:2      | HP: 2/42 [poisoned by an adder]
  1625 | D:2      | Succumbed to an adder's poison

Illustrated notes

Levels and vault maps discovered:
D:1:      saegor_arrival_simple_c, layout_basic,
          shapermc_ecumenical_altar_rom_forum, kennysheep_minor_cross
D:2:      layout_basic, reono_crystal_passage, minmay_joined_circles

Skill      XL: |  1  2  3 |
---------------+----------+-----
Unarmed Combat | 1 2 |  2.9
Shapeshifting  | 1 |  1.3
Fighting       | |  1.4
Dodging        | |  2.3
Stealth        | |  1.3
Evocations     | |  3.2

Action                     |  1- 3 |  4- 6 || total
---------------------------+-------+-------++-------
  Melee: Unarmed           |    91 |    12 ||   103
         Constrict         |    24 |     2 ||    26
         Tentacles         |    16 |     1 ||    17
         Punch             |     3 |       ||     3
    Use: Potion            |       |     1 ||     1
   Stab: Sleeping          |    10 |       ||    10
 Armour: Skin              |    36 |     5 ||    41
  Dodge: Dodged            |    71 |     7 ||    78
   Form: Beast             |     1 |       ||     1
